 Dungeon Crawl Stone Soup version 0.31.0-12-g77e489cdc1 (webtiles) character file.

Game seed: 1245583515962125599

896 Ijustatesigmund the Trooper (level 8, -5/52 HPs)
             Began as a Gargoyle Fighter on Feb 23, 2024.
             Slain by a gnoll
             ... wielding a +0 halberd
             ... led by a gnoll bouda
              (12 damage)
             ... on level 5 of the Dungeon.
             The game lasted 00:09:05 (4759 turns).

Ijustatesigmund the Trooper (Gargoyle Fighter)      Turns: 4759, Time: 00:09:07

Health: -5/52      AC: 15    Str: 19    XL:     8   Next: 7%
Magic:  8/8        EV:  9    Int: 10    God:
Gold:   234        SH:  4    Dex:  9    Spells: 7/7 levels left

rFire   . . .        a - +0 morningstar (venom)
rCold   . . .        c - +0 buckler
rNeg    + . .        b - +0 scale mail
rPois   ∞            (no helmet)
rElec   +            (no cloak)
rCorr   +            u - +0 pair of gloves
SInv    +            r - +0 pair of boots
Will    .....        n - amulet of the acrobat Stlth
                     p - ring of see invisible
HPRegen 0.28/turn    m - ring of resist corrosion
MPRegen 0.11/turn

%: acrobat
@: no status effects
A: sickness immunity, AC +5, negative energy resistance 1, electricity
resistance, torment resistance 1, petrification resistance, passive freeze, weak
1, no potion heal 1
a: no special abilities


You were on level 5 of the Dungeon.
You visited 1 branch of the dungeon, and saw 5 of its levels.

You collected 234 gold pieces.

Inventory:

Hand Weapons
 a - a +0 morningstar of venom (weapon)
Armour
 b - a +0 scale mail (worn)
 c - a +0 buckler (worn)
 r - a +0 pair of boots (worn)
 u - a +0 pair of gloves (worn)
Jewellery
 k - a ring of positive energy
 m - a ring of resist corrosion (right hand)
 n - an amulet of the acrobat (around neck)
 p - a ring of see invisible (left hand)
 w - a ring of flight
 x - an amulet of faith
 y - a +6 ring of intelligence
Wands
 g - a wand of polymorph (19)
 v - a wand of digging (6)
Scrolls
 e - 3 scrolls of fog
 j - a scroll of vulnerability {unknown}
 l - a scroll of immolation {unknown}
 q - a scroll of revelation {unknown}
 t - a scroll of identify
 A - a scroll of poison {unknown}
 B - a scroll of blinking {unknown}
Potions
 d - a potion of berserk rage
 f - a potion of lignification
 i - 2 potions of attraction
 o - a potion of might
 s - a potion of haste


   Skills:
 + Level 6.3 Fighting
 + Level 5.8 Maces & Flails
 - Level 5.0 Armour
 - Level 3.2 Shields
 + Level 2.8 Evocations


You had 7 spell levels left.
You didn't know any spells.
Your spell library contained the following spells:

 Spells                   Type           Power      Damage    Failure   Level
 Necrotise                Necr           0%         1d4       80%         1
 Mercury Vapours          Alch/Air       0%         N/A       90%         2
 Fugue of the Fallen      Necr           0%         N/A       99%         3
 Mephitic Cloud           Conj/Alch/Air  0%         N/A       99%         3
 Ozocubu's Armour         Ice            0%         N/A       99%         3
 Vampiric Draining        Necr           0%         2d6       99%         3
 Manifold Assault         Tloc           0%         N/A       100%        4
 Martyr's Knell           Necr/Summ      0%         N/A       100%        4
 Vhi's Electric Charge    Tloc/Air       0%         N/A       100%        4
 Arcjolt                  Conj/Air       0%         1d10      100%        5
 Curse of Agony           Necr           0%         N/A       100%        5
 Freezing Cloud           Conj/Ice/Air   0%         6-21      100%        5
 Plasma Beam              Fire/Air       0%         2x1d10    100%        6


Dungeon Overview and Level Annotations

Branches:
Dungeon (5/15)
 Temple: D:4-7

Altars:
Fedhas
Makhleb
Xom
Zin

Shops:
D:1 [   D:5 ::*

Annotations:
D:3 2 transporters


Innate Abilities, Weirdness & Mutations

You are immune to sickness and miasma.
Your stone body is resilient. (AC +5)
You are immune to poison.
You resist negative energy. (rN+)
You are resistant to electric shocks. (rElec)
You are resistant to unholy torment.
You are immune to petrification.
A frigid envelope surrounds you and freezes all who hurt you.
You are weak. (Str -2)
Potions are less effective at restoring your health.


Message History

You are too injured to fight recklessly!
You are too injured to fight recklessly!
You are too injured to fight recklessly!
You are too injured to fight recklessly!
You are too injured to fight recklessly!
You are too injured to fight recklessly!
You are too injured to fight recklessly!
You are too injured to fight recklessly!
You are too injured to fight recklessly!
You are too injured to fight recklessly!
You are too injured to fight recklessly!
You are too injured to fight recklessly!
You are too injured to fight recklessly!
You are too injured to fight recklessly!
You are too injured to fight recklessly!
You are too injured to fight recklessly!
You hit the gnoll but do no damage.
Your attacks no longer feel as feeble.
The gnoll hits you but does no damage.
The gnoll hits you from afar with a +0 halberd!
The gnoll hits you but does no damage. x2; You block the gnoll's attack.
The gnoll hits you from afar with a +0 halberd.
* * * LOW HITPOINT WARNING * * *
It was a potion of mutation.
You feel extremely strange.
You feel weaker.
Your system partially rejects the healing effects of potions.
Your skin feels very cold.
You block the gnoll's attack. The gnoll hits you but does no damage.
The gnoll hits you from afar with a +0 spear.
* * * LOW HITPOINT WARNING * * *
The gnoll hits you from afar with a +0 halberd.
* * * LOW HITPOINT WARNING * * *
Your system partially rejects the healing.
You feel better. The gnoll hits you but does no damage.
The gnoll is very cold.
The gnoll is severely wounded.
The gnoll hits you but does no damage.
The gnoll hits you from afar with a +0 spear.
* * * LOW HITPOINT WARNING * * *
The gnoll hits you from afar with a +0 halberd!
You die...

#...............#.#. .####...
#...............#.#. #...
#..............##.# #...
#######.#########.#....####...
#.........(......(............
#...........................#.
#.........................[.#.
#..........g#####...........#.
#####......gg@..............#.
##.....g#####...........#.
#......# .>........∩..
#......# ...........##
#....<.# ...........##
#......# ####....##.#.
#....... ........##...
#......# ####^#..##... ######
#.#..##..#


You could see 4 gnolls.

Vanquished Creatures
  A water moccasin (D:5)
  Duvessa (D:5)
  3 scorpions
  Dowan (D:5)
  A howler monkey (D:5)
  A bombardier beetle (D:4)
  3 orc priests
  A gnoll bouda (D:5)
  An iguana (D:4)
  Robin (D:4)
  4 gnolls
  7 adders
  A dart slug (D:2)
  A ribbon worm (D:2)
  15 orcs
  4 ball pythons
  4 endoplasms
  4 giant cockroaches
  15 goblins
  11 hobgoblins
  6 jackals
  5 quokkas
  10 bats
  7 frilled lizards
  10 kobolds
  8 rats
126 creatures vanquished.

Notes
Turn   | Place    | Note
-------+----------+-------------------------------------------
     0 | D:1      | Ijustatesigmund the Gargoyle Fighter began the quest for
                  | the Orb.
     0 | D:1      | Reached XP level 1. HP: 14/14 MP: 1/1
    83 | D:1      | Reached XP level 2. HP: 19/19 MP: 2/2
   121 | D:1      | Found Feoguet's Armour Shop.
   457 | D:1      | Reached XP level 3. HP: 23/23 MP: 3/3
   849 | D:2      | Reached XP level 4. HP: 16/29 MP: 4/4
   985 | D:2      | Reached skill level 4 in Fighting
  1613 | D:3      | Found a transporter.
  1652 | D:3      | Reached XP level 5. HP: 25/33 MP: 5/5
  1866 | D:3      | Found a transporter.
  2942 | D:4      | Noticed Robin
  3298 | D:3      | Reached XP level 6. HP: 39/39 MP: 6/6
  3311 | D:4      | Killed Robin
  3459 | D:4      | Reached skill level 5 in Fighting
  3473 | D:4      | Reached skill level 5 in Armour
  3871 | D:5      | Entered Level 5 of the Dungeon
  3871 | D:5      | Noticed Dowan
  3873 | D:5      | Noticed Duvessa
  3893 | D:5      | Killed Dowan
  3894 | D:5      | Reached skill level 1 in Evocations
  3894 | D:5      | Reached XP level 7. HP: 18/44 MP: 7/7
  3894 | D:5      | Killed Duvessa
  3895 | D:5      | Reached skill level 5 in Maces & Flails
  4307 | D:5      | Found Roikus's Book Shop.
  4339 | D:5      | Found a shimmering altar of Xom.
  4356 | D:5      | Found Tevaic Poxt's Tremendous Tomes.
  4556 | D:5      | Found a blossoming altar of Fedhas.
  4568 | D:5      | Found Suet Rueday's Serpentskin Sales.
  4577 | D:5      | Reached skill level 6 in Fighting
  4655 | D:5      | Found a burning altar of Makhleb.
  4660 | D:5      | Found a glowing silver altar of Zin.
  4660 | D:5      | Noticed an angel
  4661 | D:5      | Noticed a balrug
  4704 | D:5      | Reached XP level 8. HP: 51/51 MP: 8/8
  4758 | D:5      | Gained mutation: You are weak. (Str -2) [potion of
                  | mutation]
  4758 | D:5      | Gained mutation: Potions are less effective at restoring
                  | your health. [potion of mutation]
  4758 | D:5      | Gained mutation: A frigid envelope surrounds you and
                  | freezes all who hurt you. [potion of mutation]
  4759 | D:5      | Slain by a gnoll

Illustrated notes

Levels and vault maps discovered:
D:1:      nicolae_arrival_somewhat_less_tricky_arrival, layout_basic,
          serial_curves, eino_curves_02, eino_curves_03, serial_shops,
          nicolae_shop_scrapyard
D:2:      layout_rooms, minmay_door_square, minmay_increasing_density
D:3:      gammafunk_wand_slinger, layout_basic
D:4:      layout_gridville, uniq_robin
D:5:      layout_basic, grunt_temple_overflow_order_and_chaos_2,
          mainiacjoe_overflow_large_starburst, serial_shops, shop,
          nicolae_shop_i_like_big_books, guppyfry_shop_venom, uniq_duvessa

Skill      XL: |  1  2  3  4  5  6  7 |
---------------+----------------------+-----
Maces & Flails | 3 4 5 |  5.8
Fighting       | 4 5 6 |  6.3
Armour         | 4 5 |  5.0
Evocations     | 1 2 |  2.8
Shields        | |  3.2

Action                     |  1- 3 |  4- 6 |  7- 9 || total
---------------------------+-------+-------+-------++-------
  Melee: Flail             |    51 |       |       ||    51
         Morningstar       |    42 |   268 |    34 ||   344
    Use: Scroll            |       |    10 |       ||    10
         Potion            |       |     5 |     2 ||     7
 Armour: Scale mail        |   103 |   247 |    46 ||   396
         Skin              |       |     2 |       ||     2
  Dodge: Dodged            |    51 |   199 |    26 ||   276
  Block: Buckler           |    37 |    75 |    11 ||   123
